 Dungeon Crawl Stone Soup version 0.30.1-9-gdf580d7c3d (webtiles) character file.

Game seed: 3561446877579742341

79 KittyFluff the Trooper (level 4, -4/43 HPs)
             Began as a Gargoyle Berserker on Oct 18, 2023.
             Was a Believer of Trog.
             Slain by Grinder (9 damage)
             ... on level 3 of the Dungeon.
             The game lasted 00:06:29 (1821 turns).

KittyFluff the Trooper (Gargoyle Berserker)         Turns: 1821, Time: 00:06:29

Health: -4/43      AC:  7    Str: 23    XL:     4   Next: 37%
Magic:  4/4        EV: 11    Int:  7    God:    Trog [**....]
Gold:   112        SH:  0    Dex:  9    Spells: 3/3 levels left

rFire   . . .        a - +0 mace
rCold   . . .        (no shield)
rNeg    + . .        d - +0 leather armour
rPois   ∞            (no helmet)
rElec   +            (no cloak)
rCorr   .            (no gloves)
SInv    .            (no boots)
Will    .....        (no amulet) Stlth
                     (no ring)
HPRegen 0.27/turn    (no ring)
MPRegen 0.09/turn

%: no passive effects
@: berserking, very quick
A: sickness immunity, AC +3, negative energy resistance 1, electricity
resistance, torment resistance 1, petrification resistance
a: Renounce Religion, Berserk, Trog's Hand


You were on level 3 of the Dungeon.
You worshipped Trog.
Trog was pleased with you.
You visited 1 branch of the dungeon, and saw 3 of its levels.

You collected 112 gold pieces.

Inventory:

Hand Weapons
 a - a +0 mace (weapon)
 e - a +0 sling
 p - a +0 shortbow
Missiles
 g - 3 poisoned darts (quivered)
Armour
 d - a +0 leather armour (worn)
 l - +0 swamp dragon scales
Wands
 v - a wand of paralysis (9)
 x - a wand of mindburst (7)
Scrolls
 b - a scroll of enchant armour {unknown}
 c - 2 scrolls of fog {unknown}
 f - a scroll of blinking {unknown}
 h - a scroll of brand weapon {unknown}
 i - 3 scrolls of identify {unknown}
 k - a scroll of enchant weapon {unknown}
 o - 2 scrolls of torment {unknown}
 q - a scroll of teleportation {unknown}
 r - a scroll of amnesia {unknown}
 s - a scroll of magic mapping {unknown}
Potions
 j - a potion of might {unknown}
 m - a potion of heal wounds {unknown}
 n - a potion of attraction {unknown}
 t - a potion of mutation {unknown}
 u - a potion of flight {unknown}
 w - a potion of degeneration {unknown}


   Skills:
 + Level 3.7 Fighting
 * Level 3.6 Maces & Flails
 * Level 3.4 Armour
 + Level 2.0 Dodging


You had 3 spell levels left.
You didn't know any spells.
Your spell library was empty.

Dungeon Overview and Level Annotations

Branches:
Dungeon (2/15)

Altars:
Okawaru

Annotations:
D:3 Grinder


Innate Abilities, Weirdness & Mutations

You are immune to sickness and miasma.
Your stone body is resilient. (AC +3)
You are immune to poison.
You resist negative energy. (rN+)
You are resistant to electric shocks. (rElec)
You are resistant to unholy torment.
You are immune to petrification.


Message History

Grinder is moderately wounded.
Grinder blinks!
Grinder hits you.
You writhe in agony.
You closely miss Grinder.
Grinder is moderately wounded.
Grinder hits you but does no damage.
You hit Grinder.
Grinder is moderately wounded.
Grinder says, "You look like you could use a good racking."
Grinder hits you.
You hit Grinder.
Grinder is heavily wounded.
Grinder hits you.
You writhe in agony.
Grinder gestures at you.
You suddenly lose the ability to move!
Grinder gestures at you.
You shrug off the repeated paralysis!
Grinder blinks!
Grinder hits you but does no damage. Grinder hits you!
* * * LOW HITPOINT WARNING * * *
You writhe in agony.
* * * LOW HITPOINT WARNING * * *
You can move again.
You barely miss Grinder.
Grinder is heavily wounded.
Grinder hits you.
* * * LOW HITPOINT WARNING * * *
You writhe in agony.
* * * LOW HITPOINT WARNING * * *
Unknown command.
You hit Grinder.
Grinder is heavily wounded.
Grinder hits you but does no damage.
A red film seems to cover your vision as you go berserk!
You feel yourself moving faster!
You feel mighty! Grinder closely misses you.
You sock Grinder!
Grinder is almost dead.
Grinder hits you!
You die...

#######
##.....#####
####.5###.....#
#..?@##
##.##.#######
........#
#...........
####..###
###..#######
#.# ##.# #>.
#... #. #..## #
.... .### #


You could see Grinder.

Vanquished Creatures
  Ijyb (D:3)
  An adder (D:2)
  A worm (D:2)
  A dart slug (D:1)
  8 ball pythons
  4 bats
  3 endoplasms
  A giant cockroach (D:1)
  3 hobgoblins
  4 kobolds
  2 quokkas (D:1)
  6 frilled lizards
  3 goblins
  3 rats
41 creatures vanquished.

Notes
Turn   | Place    | Note
-------+----------+-------------------------------------------
     0 | D:1      | KittyFluff the Gargoyle Berserker began the quest for the
                  | Orb.
     0 | D:1      | Reached XP level 1. HP: 14/14 MP: 1/1
   373 | D:1      | Reached XP level 2. HP: 17/19 MP: 2/2
   583 | D:1      | Reached ** piety under Trog
   593 | D:1      | Reached XP level 3. HP: 23/23 MP: 3/3
  1502 | D:2      | You fall into a shaft and drop 1 floor!
  1502 | D:3      | Found an iron altar of Okawaru.
  1551 | D:3      | Noticed Ijyb
  1553 | D:3      | Paralysed by Ijyb for 2 turns
  1560 | D:3      | Paralysed by Ijyb for 2 turns
  1575 | D:3      | Killed Ijyb
  1576 | D:3      | Reached XP level 4. HP: 18/29 MP: 4/4
  1791 | D:3      | Noticed Grinder
  1813 | D:3      | Paralysed by Grinder for 5 turns
  1821 | D:3      | Slain by Grinder

Illustrated notes

Levels and vault maps discovered:
D:1:      co_arrival_random_square_maze, layout_loops_ring, minmay_misc_feat_chi
D:2:      layout_basic
D:3:      layout_basic, nemelex_dance_club_becter, okawaru_metal_pillars_1_2,
          hellmonk_ecumenical_altar_blasted, uniq_grinder, uniq_ijyb,
          uniq_natasha

Skill      XL: |  1  2  3 |
---------------+----------+-----
Armour         | 3 |  3.4
Dodging        | 2 |  2.0
Fighting       | |  3.7
Maces & Flails | |  3.6

Action                     |  1- 3 |  4- 6 || total
---------------------------+-------+-------++-------
  Melee: Mace              |   131 |    22 ||   153
         Punch             |     1 |       ||     1
 Invoke: Berserk           |       |     1 ||     1
 Armour: Leather armour    |    42 |    12 ||    54
  Dodge: Dodged            |    78 |    22 ||   100
